 Dungeon Crawl Stone Soup version 0.22-a0-441-gcf5b0c6 (webtiles) character file.

156374 KristoblXynda the Eclecticist (level 17, -4/80 HPs)
             Began as a Spriggan Enchanter on May 29, 2018.
             Was the Champion of Ashenzari.
             Killed from afar by a merfolk aquamancer (53 damage)
             ... with a shard of ice
             ... on level 4 of the Shoals on May 30, 2018.
             The game lasted 02:23:28 (38029 turns).

KristoblXynda the Eclecticist (Spriggan Enchanter) Turns: 38029, Time: 02:23:29

Health: -4/80      AC:  9    Str:  6    XL:     17   Next: 10%
Magic:  4/39       EV: 31    Int: 23    God:    Ashenzari [******]
Gold:   1092       SH: 16    Dex: 18    Spells: 31/51 levels left

rFire    . . .     SeeInvis +   j - +3 dagger (venom) (curse)
rCold    . . .     Gourm    .   u - +2 buckler {AC+3} (curse)
rNeg     . . .     Faith    .   D - +2 robe {MR+}
rPois    +         Spirit   .   B - +0 hat
rElec    .         Reflect  +   N - +0 cloak {rPois} (curse)
rCorr    .         Harm     .   (gloves unavailable)
MR       +++..     Clarity  +   (boots unavailable)
Stlth    +++++++...             K - +5 amulet of reflection (curse)
HPRegen  0.23/turn              r - ring of wizardry (curse)
MPRegen  0.26/turn              k - ring of the Octopus King {AC+1 EV+1 Str+1 Int+1 Dex+1 Stlth+}

@: studying Shields, very quick
A: very small, unfitting armour, see invisible, herbivore, speed 3, slow
metabolism 2
a: Curse Item, Scrying, Transfer Knowledge, Renounce Religion


You were on level 4 of the Shoals.
You worshipped Ashenzari.
Ashenzari was exalted by your worship.
You were not hungry.

You visited 6 branches of the dungeon, and saw 29 of its levels.
You also visited: Sewer and Bailey.

You collected 2539 gold pieces.
You spent 1447 gold pieces at shops.

Inventory:

Hand Weapons
 j - a cursed +3 dagger of venom (weapon)
 E - a +3 dagger of flaming
Missiles
 h - 2 throwing nets (quivered)
Armour
 a - the cursed +1 hat "Etyum" {+Fly rF- rC+ Slay+2}
   (You acquired it on level 5 of the Lair of Beasts)

   It affects your accuracy and damage with ranged weapons and melee attacks
   (+2).
   It makes you vulnerable to fire.
   It protects you from cold.
   It lets you fly.
   It has a curse placed upon it.
 u - a cursed +2 buckler of protection (worn)
 y - a +1 robe of the Archmagi
 B - a +0 hat (worn)
 D - a +2 robe of magic resistance (worn)
 N - a cursed +0 cloak of poison resistance (worn)
 Q - a scarf of resistance
Jewellery
 i - an uncursed ring of protection from cold
 k - a ring of the Octopus King (right hand) {AC+1 EV+1 Str+1 Int+1 Dex+1 Stlth+}
   (You found it on level 5 of the Dungeon)

   [ring of stealth]

   It affects your AC (+1).
   It affects your evasion (+1).
   It affects your strength (+1).
   It affects your intelligence (+1).
   It affects your dexterity (+1).
   It makes you more stealthy.
 r - a cursed ring of wizardry (left hand)
 K - a cursed +5 amulet of reflection (around neck)
Wands
 x - a wand of paralysis (35)
 G - a wand of acid (12)
 J - a wand of digging (25)
 R - a wand of clouds (1)
Scrolls
 f - 12 scrolls of teleportation
 g - 5 scrolls of magic mapping
 l - 4 scrolls of fog
 n - 6 scrolls of identify
 p - 5 scrolls of amnesia
 t - a scroll of enchant armour
 A - a scroll of summoning
 L - 4 scrolls of remove curse
 O - 2 scrolls of blinking
 S - 2 scrolls of silence
 T - a scroll of holy word
Potions
 c - 3 potions of ambrosia
 e - 2 potions of berserk rage
 m - 2 potions of heal wounds
 o - a potion of invisibility
 q - 3 potions of magic
 s - 4 potions of brilliance
 v - 3 potions of lignification
 w - 5 potions of haste
 z - 4 potions of agility
 C - a potion of might
 H - 6 potions of curing
 I - a potion of cancellation
 M - a potion of mutation
Books
 b - a manual of Shields
Miscellaneous
 F - a lamp of fire
 P - a lightning rod (4/4)
Comestibles
 d - 21 rations


   Skills:
 + Level 5.3 Fighting
 - Level 7.0(11.5) Short Blades
 - Level 13.0 Dodging
 - Level 15.0 Stealth
 - Level 6.1(9.2) Shields
 + Level 17.8 Spellcasting
 + Level 9.1(12.0) Conjurations
 - Level 15.0(17.6) Hexes
 - Level 10.0(12.8) Charms
 - Level 5.3(8.3) Poison Magic
 - Level 10.0(12.8) Evocations


You had 31 spell levels left.
You knew the following spells:

 Your Spells              Type           Power        Failure   Level  Hunger
a - Regeneration          Chrm/Necr      ######....   1%          3    None
b - Ensorcelled Hibernat  Hex/Ice        ######       1%          2    None
c - Confuse               Hex            #######.     0%          3    None
d - Tukima's Dance        Hex            #######.     0%          3    None
e - Poison Arrow          Conj/Pois      ######....   2%          6    ####...
f - Mephitic Cloud        Conj/Pois/Air  ######..     1%          3    None

Your spell library contained the following spells:

 Spells                   Type           Power        Failure   Level  Hunger
 Cause Fear               Hex            #######...   0%          4    None
 Apportation              Tloc           ###...       1%          1    None
 Slow                     Hex            #######.     0%          2    None
 Venom Bolt               Conj/Pois      ######....   1%          5    None
 Olgreb's Toxic Radiance  Pois           ######..     1%          4    None
 Summon Small Mammal      Summ           ###.         1%          1    None
 Lehudib's Crystal Spear  Conj/Erth      #####.....   99%         8    #######
 Fire Storm               Conj/Fire      #####.....   100%        9    #######
 Animate Dead             Necr           N/A          9%          4    None
 Pain                     Necr           ###.         1%          1    None
 Animate Skeleton         Necr           N/A          1%          1    None
 Vampiric Draining        Necr           ###.......   2%          3    None
 Sting                    Conj/Pois      ####         1%          1    None
 Glaciate                 Conj/Ice       #####.....   100%        9    #######
 Confusing Touch          Hex            ######       0%          1    None
 Corona                   Hex            #######      0%          1    None
 Chain Lightning          Conj/Air       #####.....   99%         8    #######
 Portal Projectile        Hex/Tloc       ######       1%          3    None
 Leda's Liquefaction      Hex/Erth       ######....   1%          4    None
 Inner Flame              Hex/Fire       ######..     1%          3    None
 Dazzling Spray           Conj/Hex       ######       0%          3    None
 Poisonous Vapours        Pois/Air       #####.       1%          2    None


Dungeon Overview and Level Annotations

Branches:
Dungeon (15/15)            Temple (1/1) D:4            Lair (6/6) D:11
 Shoals (4/4) Lair:2        Snake (1/4) Lair:3        Slime (0/5) Lair:5
    Orc (2/2) D:9             Elf (0/3) Orc:2        Vaults (0/5) D:13
 Depths (0/5) D:15

Altars:
Ashenzari
Cheibriados
Dithmenos
Elyvilon
Fedhas
Gozag
Hepliaklqana
Kikubaaqudgha
Makhleb
Nemelex Xobeh
Okawaru
Qazlal
Ru
Sif Muna
Trog
Uskayaw
Vehumet
Wu Jian
Xom
Yredelemnul
Zin
The Shining One
Beogh

Shops:
D:5 (   D:6 [   D:7 [   D:13 [   D:14 :   Orc:1 [}!   Orc:2 (!:*

Portals:
Pandemonium: Orc:2

Annotations:
Shoals:1 exclusion: Roxanne, Roxanne


Innate Abilities, Weirdness & Mutations

You are very small and have problems with some larger weapons.
You are too small for most types of armour.
You have supernaturally acute eyesight. (SInv)
You are a herbivore.
You cover ground extremely quickly.
You need to consume almost no food.


Message History

Okay, then.
Casting: Poison Arrow (safe; 2% risk of failure)
Confirm with . or Enter, or press ? or * to list all spells.
You don't know that spell.
Casting: Poison Arrow (safe; 2% risk of failure)
Confirm with . or Enter, or press ? or * to list all spells.
Aiming: Confuse (safe; 0% risk of failure)
Press: ? - help, Shift-Dir - straight line, f - snapping turtle
Aim: a snapping turtle (chance to defeat MR: 69%)
The snapping turtle appears confused.
You hit the snapping turtle but do no damage.
The snapping turtle is poisoned.
You hit the snapping turtle but do no damage.
The snapping turtle looks as sick as possible!
You hit the snapping turtle but do no damage.
The snapping turtle looks as sick as possible!
The merfolk aquamancer casts a spell at you.
The shard of ice hits you!
Ouch! That really hurt!
You die...

≈≈≈≈≈≈≈≈.≈≈≈≈≈≈≈≈≈≈≈≈≈≈≈≈≈≈≈≈≈≈≈≈
≈≈ ≈≈≈≈≈..(≈≈≈≈≈≈≈≈≈≈≈≈≈≈≈≈≈≈≈ ≈
,≈≈≈≈≈≈(≈≈≈≈≈≈≈≈≈≈≈≈≈≈≈≈≈≈≈ ≈
≈≈,,.≈....m§≈§≈≈≈≈≈≈≈≈≈≈≈≈≈≈≈≈ ≈
≈≈, .....)../.m.......[.≈≈≈≈≈≈
≈*≈*≈.....(..##......<..(.≈≈≈≈
*≈≈≈#≈.....(.##).........######≈
≈≈ ≈≈#.....(.##..[[)(...#≈≈≈≈≈# ≈
≈≈.....()##@....().#)#≈≈≈≈≈# *
≈≈#.......<#.......#.#≈≈≈#≈≈≈ ≈
≈#≈...≈≈≈≈≈..t.(...#..≈≈≈≈≈.≈ ≈
≈...≈≈≈≈≈≈[≈.(....#..≈≈##≈.≈ ,,,,
....≈≈≈≈≈≈≈.....<.#..#≈#≈≈≈≈
,...≈(≈≈≈≈≈..(.....#≈†)≈≈.)#≈ , ,
, .(≈≈≈≈≈≈[.......##≈≈..≈#≈# , ,
≈≈≈≈≈≈≈≈.##########≈≈≈≈≈#* , ,,,
.......≈≈. ,,* #######≈


You could see a merfolk aquamancer and a snapping turtle (confused).

Vanquished Creatures
  Jorgrun (Shoals:4)
  Rupert (Lair:3)
  A kraken (Shoals:1)
  Gastronok (D:8)
  Ilsuiw (Shoals:4)
  Azrael (D:15)
  2 merfolk javelineers
  Snorg (Lair:4)
  3 merfolk impalers
  Erolcha (Orc:1)
  A naga warrior (Snake:1)
  6 hydras
  5 centaur warriors
  2 merfolk avatars
  3 tengu warriors
  An ogre mage (D:15)
  11 two-headed ogres
  A merfolk aquamancer (Shoals:2)
  6 orc high priests (Orc:2)
  A shock serpent (Snake:1)
  A sun demon (Orc:2)
  A fire crab (Lair:2)
  3 skeletal warriors
  4 unseen horrors
  7 sea snakes
  An infernal demonspawn (Orc:2)
  A wizard (D:15)
  A gelid demonspawn (Orc:2)
  A mana viper (Snake:1)
  14 harpies
  A deep elf mage (D:15)
  3 oklob plants (Lair:4)
  7 orc knights
  7 fauns
  8 orc sorcerers
  8 manticores
  5 ugly things
  5 cyclopes
  5 slime creatures
  6 merfolk sirens
  4 black mambas
  4 water nymphs
  6 elephants (Lair:6)
  4 gargoyles
  2 smoke demons (Orc:2)
  A naga mage (D:15)
  12 spiny frogs
  3 yaktaurs (D:13)
  A kobold demonologist (D:13)
  4 komodo dragons
  A tengu conjurer (D:14)
  A hellwing (Orc:2)
  8 trolls
  4 wind drakes
  5 polar bears
  10 merfolk
  5 dream sheep
  2 meliai zombies
  9 hornets
  14 blink frogs
  Grinder (D:3)
  11 hippogriffs
  A shadow (D:12)
  5 snapping turtles
  9 water elementals
  4 wyverns
  21 spriggans
  4 wraiths
  45 yaks
  2 hungry ghosts
  2 fire elementals (D:15)
  A neqoxec (Orc:2)
  2 basilisks (Lair:6)
  2 wargs
  3 nagas (Lair:3)
  15 water moccasins
  Duvessa (D:5)
  9 hell hounds
  8 porcupines
  3 ice beasts
  4 sky beasts
  4 black bears
  A necrophage (D:4)
  45 orc warriors
  18 ogres
  2 phantoms
  An eye of draining (D:10)
  3 boggarts (Lair:6)
  38 wolves
  11 centaurs
  13 crocodiles
  8 big kobolds
  24 bullfrogs
  Dowan (D:5)
  A wyvern skeleton (D:11)
  A water moccasin skeleton (D:8)
  6 scorpions
  14 wights
  3 electric eels (D:12)
  A vampire bat (D:5)
  4 crimson imps
  3 centaur zombies
  6 jellies
  10 hounds
  Crazy Yiuf (D:3)
  28 orc priests
  7 bullfrog skeletons
  19 orc wizards
  7 centaur skeletons
  9 iguanas
  Ijyb (D:3)
  9 worker ants
  A worker ant zombie (D:11)
  11 gnolls
  20 adders
  5 shadow imps
  6 oozes
  3 adder zombies
  3 adder skeletons
  8 worms
  2 dart slugs
  4 fire bats
  8 leopard geckos
  100 orcs
  2 spectral bats (D:5)
  15 bats
  3 bat skeletons (D:5)
  A bat zombie (D:5)
  8 giant cockroaches
  12 goblins
  4 hobgoblins
  10 jackals
  31 kobolds
  6 quokkas
  5 ball pythons
  A bat simulacrum (D:5)
  5 frilled lizards
  A leopard gecko zombie (D:5)
  A quokka skeleton (D:4)
  11 rats
  A tentacle (Shoals:1)
979 creatures vanquished.

Vanquished Creatures (collateral kills)
  A merfolk impaler (Shoals:4)
  A merfolk aquamancer (Shoals:3)
  9 merfolk
  A hornet (Lair:6)
  A spriggan (Lair:6)
13 creatures vanquished.

Vanquished Creatures (others)
  3 dancing weapons (Shoals:4)
  A meliai zombie (D:15)
  A spriggan (Lair:6)
  A centaur (D:15)
  A wight (D:15)
  An orc wizard (Orc:2)
  An orc priest (Orc:2)
  An orc (Orc:1)
  6 fungi
  16 plants
  7 tentacles
39 creatures vanquished.

Grand Total: 1031 creatures vanquished

Notes
Turn   | Place    | Note
-------+----------+-------------------------------------------
     0 | D:1      | KristoblXynda the Spriggan Enchanter began the quest for the Orb.
     0 | D:1      | Reached XP level 1. HP: 9/9 MP: 5/5
   181 | D:1      | Reached skill level 3 in Spellcasting
   184 | D:1      | Reached XP level 2. HP: 9/13 MP: 7/7
   195 | D:1      | Learned a level 2 spell: Ensorcelled Hibernation
   572 | D:1      | Reached skill level 5 in Stealth
  1287 | D:1      | Reached XP level 3. HP: 16/16 MP: 8/8
  1299 | D:1      | Learned a level 3 spell: Confuse
  2393 | D:2      | Reached XP level 4. HP: 21/21 MP: 7/10
  2637 | D:2      | Found a stormy altar of Qazlal.
  2637 | D:2      | Found a hide-covered altar of Uskayaw.
  2746 | D:2      | Reached skill level 4 in Spellcasting
  3041 | D:2      | Found a sparkling altar of Nemelex Xobeh.
  3330 | D:3      | Found a runed door.
  3336 | D:3      | Noticed Crazy Yiuf
  3342 | D:3      | Killed Crazy Yiuf
  3342 | D:3      | Reached skill level 5 in Hexes
  3342 | D:3      | Reached XP level 5. HP: 24/24 MP: 9/12
  4026 | D:3      | Noticed Grinder
  4035 | D:3      | Noticed Ijyb
  4072 | D:3      | Paralysed by Grinder for 2 turns
  4662 | D:3      | Killed Grinder
  4662 | D:3      | Reached skill level 5 in Spellcasting
  4662 | D:3      | Reached XP level 6. HP: 21/28 MP: 11/15
  4700 | D:3      | Killed Ijyb
  5122 | D:4      | Reached XP level 7. HP: 23/32 MP: 11/16
  5203 | D:4      | Reached skill level 6 in Spellcasting
  5361 | D:4      | Found a staircase to the Ecumenical Temple.
  5455 | Temple   | Entered the Ecumenical Temple
  5474 | Temple   | Became a worshipper of Ashenzari the Shackled
  6084 | D:4      | Reached skill level 7 in Spellcasting
  6084 | D:4      | Reached XP level 8. HP: 36/36 MP: 19/19
  6605 | D:4      | Reached skill level 10 in Stealth
  6844 | D:5      | Entered Level 5 of the Dungeon
  7143 | D:5      | Found a glowing golden altar of the Shining One.
  7533 | D:5      | Reached skill level 8 in Spellcasting
  7766 | D:5      | Noticed Dowan
  7767 | D:5      | Noticed Duvessa
  7797 | D:5      | Killed Duvessa
  7885 | D:5      | Killed Dowan
  8072 | D:5      | Found Ajoengus's Weapon Boutique.
  8130 | D:5      | Reached XP level 9. HP: 39/39 MP: 18/22
  8581 | D:5      | Reached * piety under Ashenzari
  8638 | D:5      | Found the ring of the Octopus King {AC+1 EV+1 Str+1 Int+1 Dex+1 Stlth+}
  8638 | D:5      | Found the ring of the Octopus King {AC+1 EV+1 Str+1 Int+1 Dex+1 Stlth+}
  8648 | D:5      | Learned a level 3 spell: Regeneration
  8779 | D:6      | Found a glowing drain.
  8840 | Sewer    | Entered a sewer
  9109 | D:6      | Noticed a moth of wrath
  9112 | D:6      | Found a bloodstained altar of Trog.
  9255 | D:6      | Found Xuinioxt's Armour Shop.
  9266 | D:6      | Bought a +0 buckler of protection for 172 gold pieces
  9851 | D:7      | Found a sacrificial altar of Ru.
  9897 | D:7      | Found Xeelen's Antique Armour Shoppe.
  9905 | D:7      | Bought an embroidered scarf for 176 gold pieces
  9967 | D:7      | Reached skill level 9 in Spellcasting
 10647 | D:8      | Reached skill level 5 in Short Blades
 10770 | D:8      | Reached skill level 10 in Hexes
 10772 | D:8      | Reached XP level 10. HP: 31/44 MP: 24/24
 10869 | D:8      | Reached ** piety under Ashenzari
 10914 | D:8      | Found an iron altar of Okawaru.
 10930 | D:8      | Reached skill level 10 in Spellcasting
 10951 | D:8      | Noticed Gastronok
 10982 | D:8      | Killed Gastronok
 11647 | D:8      | Found a roughly hewn altar of Beogh.
 11826 | D:8      | Reached skill level 1 in Shields
 11930 | D:8      | Noticed a two-headed hydra
 11949 | D:8      | Killed a two-headed hydra
 11949 | D:8      | Reached skill level 11 in Spellcasting
 11949 | D:8      | Reached XP level 11. HP: 36/47 MP: 20/27
 12085 | D:9      | Identified a scroll of acquirement
 12515 | D:9      | Reached skill level 1 in Fighting
 12821 | D:9      | Found a sparkling altar of Nemelex Xobeh.
 13157 | D:9      | Found a sparkling altar of Nemelex Xobeh.
 13324 | D:9      | Found a staircase to the Orcish Mines.
 13455 | D:10     | Entered Level 10 of the Dungeon
 13703 | D:10     | Noticed a two-headed ogre
 13710 | D:10     | Killed a two-headed ogre
 14212 | D:10     | Reached *** piety under Ashenzari
 14557 | D:11     | Noticed an unseen horror
 14969 | D:11     | Noticed a cyan ugly thing
 14988 | D:11     | Killed a cyan ugly thing
 14988 | D:11     | Reached skill level 12 in Spellcasting
 15011 | D:11     | Noticed an unseen horror
 15018 | D:11     | Killed an unseen horror
 15203 | D:11     | Killed an unseen horror
 15306 | D:11     | Found a staircase to the Lair.
 15339 | D:11     | Noticed an unseen horror
 15345 | D:11     | Killed an unseen horror
 15345 | D:11     | Reached XP level 12. HP: 58/58 MP: 21/29
 15841 | D:12     | Learned a level 3 spell: Tukima's Dance
 15847 | D:12     | Found a flagged portal.
 15868 | Bailey   | Entered a bailey
 16281 | Bailey   | Reached **** piety under Ashenzari
 16548 | Bailey   | Identified the +3 bardiche "Banisher" {antimagic, rElec Int+3 Stlth+}
 16744 | D:12     | Noticed a four-headed hydra
 16776 | D:12     | Killed a four-headed hydra
 16776 | D:12     | Reached skill level 5 in Shields
 16898 | D:12     | Noticed a six-headed hydra
 16900 | D:12     | Reached skill level 13 in Spellcasting
 16921 | D:12     | Reached skill level 5 in Fighting
 16943 | D:12     | Noticed a two-headed ogre
 17279 | D:12     | Killed a six-headed hydra
 17401 | D:12     | Killed a two-headed ogre
 17693 | D:13     | Reached skill level 5 in Conjurations
 17693 | D:13     | Reached XP level 13. HP: 63/63 MP: 31/31
 17921 | D:13     | Reached skill level 5 in Dodging
 17952 | D:13     | Found Uthas's Antique Armour Boutique.
 17961 | D:13     | Bought a sheer robe for 188 gold pieces
 18396 | D:13     | Reached XP level 14. HP: 62/68 MP: 24/32
 18607 | D:13     | Found a gate to the Vaults.
 18708 | D:13     | Reached skill level 15 in Stealth
 18759 | D:13     | Reached skill level 1 in Evocations
 19415 | D:14     | Reached skill level 14 in Spellcasting
 19631 | D:14     | Found Toul's Book Shop.
 20860 | Lair:1   | Entered Level 1 of the Lair of Beasts
 21014 | Lair:1   | Learned a level 5 spell: Venom Bolt
 21370 | Lair:1   | Reached ***** piety under Ashenzari
 21418 | Lair:1   | Reached skill level 5 in Evocations
 21984 | Lair:2   | Found a transporter.
 22199 | Lair:2   | Found a transporter.
 22455 | Lair:2   | Found a staircase to the Shoals.
 22865 | Shoals:1 | Entered Level 1 of the Shoals
 22930 | Lair:3   | Found the cursed amulet of Vitality {Regen+ HP+15}
 23567 | Lair:3   | Reached skill level 15 in Hexes
 23960 | Lair:3   | Found a staircase to the Snake Pit.
 24002 | Lair:3   | Noticed Rupert
 24017 | Lair:3   | Reached skill level 10 in Dodging
 24028 | Lair:3   | Killed Rupert
 24491 | Lair:4   | Reached skill level 15 in Spellcasting
 24801 | Lair:4   | Noticed Snorg
 24810 | Lair:4   | Killed Snorg
 25167 | Lair:5   | Found a staircase to the Slime Pits.
 25236 | Lair:5   | Reached XP level 15. HP: 72/72 MP: 30/35
 25670 | Lair:5   | Got the cursed hat "Etyum" {+Fly rF- rC+ Slay+2}
 26039 | Lair:5   | Reached ****** piety under Ashenzari
 26235 | Lair:6   | Entered Level 6 of the Lair of Beasts
 26257 | Lair:6   | Identified the cursed +1 hat "Etyum" {+Fly rF- rC+ Slay+2} (You acquired it on level 5 of the Lair of Beasts)
 26652 | Lair:6   | Reached skill level 1 in Charms
 28203 | Lair:6   | Identified the +2 whip of Day {drain, Str+4 Int+4}
 28698 | D:15     | Entered Level 15 of the Dungeon
 28743 | D:15     | Noticed Azrael
 28769 | D:15     | Killed Azrael
 28794 | D:15     | Reached skill level 5 in Charms
 29054 | D:15     | Reached skill level 10 in Evocations
 29204 | D:15     | Reached skill level 16 in Spellcasting
 29463 | D:15     | Found a staircase to the Depths.
 29721 | Orc:1    | Entered Level 1 of the Orcish Mines
 29769 | Orc:1    | Found Wuromol's Distillery.
 29806 | Orc:1    | Learned a level 3 spell: Mephitic Cloud
 29934 | Orc:1    | Noticed Erolcha
 29942 | Orc:1    | Killed Erolcha
 29967 | Orc:1    | Found Qonuv's Gadget Shop.
 30090 | Orc:1    | Bought a lamp of fire for 600 gold pieces
 30162 | Orc:1    | Found Icry's Antique Armour Shoppe.
 30172 | Orc:1    | Bought a glowing scarf for 168 gold pieces
 30352 | Orc:2    | Entered Level 2 of the Orcish Mines
 30554 | Orc:2    | Found a staircase to the Elven Halls.
 30622 | Orc:2    | Found Vuhi Ysi's General Store.
 30623 | Orc:2    | Found Keirphij's Distillery.
 30644 | Orc:2    | Reached XP level 16. HP: 65/76 MP: 31/37
 31162 | Orc:2    | Bought a potion of invisibility for 88 gold pieces
 31162 | Orc:2    | Bought a potion of heal wounds for 55 gold pieces
 32133 | Orc:2    | Found Goymay's Book Boutique.
 32133 | Orc:2    | Found Lana's Antique Weapon Shop.
 32133 | Orc:2    | Found a one-way gate leading to the halls of Pandemonium.
 32720 | Snake:1  | Entered Level 1 of the Snake Pit
 32984 | Lair:3   | Upgraded the game from 0.22-a0-439-gac93bac to 0.22-a0-441-gcf5b0c6
 33165 | Shoals:1 | Learned a level 6 spell: Poison Arrow
 33369 | Shoals:1 | Noticed Roxanne
 33435 | Shoals:1 | Noticed a kraken
 33487 | Shoals:1 | Killed a kraken
 33487 | Shoals:1 | Reached skill level 1 in Poison Magic
 34430 | Shoals:2 | Reached skill level 17 in Spellcasting
 34442 | Shoals:2 | Reached skill level 10 in Charms
 36566 | Shoals:3 | Noticed a kraken
 36778 | Shoals:3 | Reached skill level 5 in Poison Magic
 36958 | Shoals:4 | Entered Level 4 of the Shoals
 36958 | Shoals:4 | Noticed Jorgrun
 36963 | Shoals:4 | Killed Jorgrun
 36999 | Shoals:4 | Reached XP level 17. HP: 45/80 MP: 16/39
 37128 | Shoals:4 | Noticed Ilsuiw
 37808 | Shoals:4 | Killed Ilsuiw
 38029 | Shoals:4 | Killed from afar by a merfolk aquamancer

Vault maps used:
D:1:      co_arrival_square_in_a_square_in_a_square, kennysheep_minor_cross,
          hex_large, item_on_display_a
D:2:      gammafunk_temple_overflow_pools, nemelex_diamond_rough_becter
D:3:      serial_glass, glass_columns_a, glass_columns_c, glass_columns_a,
          glass_columns_b, uniq_crazy_yiuf_cottage, uniq_grinder, uniq_ijyb
D:4:      minmay_diamond_boxcup, minmay_temple_entry_grid
D:5:      first_ration, basic_altar, serial_shops, nicolae_shop_crystal,
          goddamned_bats, uniq_duvessa
D:6:      tgw_trog, serial_shops, nicolae_shop_stone,
          cheibrodos_sewer_entry_bend, minmay_misc_feat_x
D:7:      serial_shops, nicolae_shop_temple_entry_statues_fountains,
          nicolae_ru_great_annihilating_truth
D:8:      kb_forest_paths, basic_altar, hangedman_ranch,
          david_defended_altar_orc, uniq_gastronok
D:9:      nemelex_altar_shiori, hiddenorc1_lemuel, basic_altar
D:11:     minmay_lair_entry_lava, minmay_misc_feat_hallway,
          hangedman_decor_growths
D:12:     enter_bailey_3, st_stairs_1
D:13:     hangedman_vaults_entry_quadrant_bands, serial_shops, shop,
          serial_park_tiny_1
D:14:     serial_shops, kennysheep_little_box, columned_hall_lemuel
D:15:     grunt_enter_depths_magical_seal, uniq_azrael
Temple:   regret_index_temple_mists
Lair:1:   grunt_forest_large_clearing_hut
Lair:2:   gammafunk_cloud_chamber, minmay_shoals_entry_lonely_mermaid,
          beast_lair_carwin_10, serial_bayou_shore_a
Lair:3:   minmay_snake_entry_guardpost_small, nicolae_quartered_pool_little,
          serial_bayou_pond_d, grunt_megastairs_3, serial_bayou_shore_b,
          uniq_rupert
Lair:4:   minmay_lair_oklob_chamber, uniq_snorg
Lair:5:   nicolae_slime_entry_slimehenge, ldierk_geyser, st_stairs_13,
          minmay_hedge_maze
Lair:6:   minmay_lair_end_enchanted_forest
Shoals:1: nicolae_shoals_kraken_intersection, uniq_roxanne
Shoals:4: shoals_end_hangedman, shoal_ilsuiw, uniq_jorgrun
Snake:1:  uniq_kirke
Orc:1:    serial_shops, nicolae_shop_overgrown_old_shop, shop, shop,
          uniq_erolcha
Orc:2:    pf_orc_diabolical, rock_pile
Sewer:    sewer_the_crocodile
Bailey:   bailey_polearm_2, bailey

Skill      XL: |  1  2  3  4  5  6  7  8  9 10 11 12 13 14 15 16 17 |
---------------+----------------------------------------------------+-----
Spellcasting   | 3 4 5 7 8 9 11 12 13 15 16 17 | 17.8
Hexes          | 4 5 6 7 8 10 11 12 13 15 | 15.0
Stealth        | 5 6 7 8 9 11 12 14 15 | 15.0
Short Blades   | 3 5 7 |  7.0
Shields        | 1 4 6 |  6.1
Fighting       | 3 5 |  5.3
Dodging        | 4 6 10 12 13 | 13.0
Conjurations   | 5 7 8 9 |  9.1
Evocations     | 7 10 | 10.0
Charms         | 7 10 | 10.0
Poison Magic   | 5 |  5.3

Action                   |  1- 3 |  4- 6 |  7- 9 | 10-12 | 13-15 | 16-18 || total
-------------------------+-------+-------+-------+-------+-------+-------++-------
Melee: Dagger            |   128 |   101 |   521 |   724 |  1504 |   533 ||  3511
 Cast: Ensorcelled Hiber |    22 |    60 |    87 |    77 |   255 |   110 ||   611
       Confuse           |       |     3 |    27 |    71 |   163 |   102 ||   366
       Tukima's Dance    |       |       |       |       |    18 |    21 ||    39
       Poison Arrow      |       |       |       |       |       |    37 ||    37
       Mephitic Cloud    |       |       |       |       |       |     6 ||     6
       Regeneration      |       |       |       |       |       |     1 ||     1
Invok: Curse Item        |       |       |     2 |     2 |     1 |     1 ||     6
Evoke: Wand              |       |       |     1 |       |     6 |    18 ||    25
  Use: Scroll            |       |     7 |    12 |    12 |    14 |     3 ||    48
       Potion            |       |     2 |     7 |     2 |     6 |     2 ||    19
 Stab: Sleeping          |    18 |    35 |    80 |    93 |   192 |    48 ||   466
       Confused          |       |     2 |    16 |    31 |   120 |    56 ||   225
       Distracted        |       |       |     1 |     4 |     4 |       ||     9
       Invisible         |       |       |     1 |       |       |       ||     1
       Paralysed         |       |       |     1 |       |       |       ||     1
  Eat: Ration            |       |     2 |     5 |     4 |     8 |     7 ||    26
Armor: Robe              |    14 |     9 |    90 |    93 |    70 |    16 ||   292
Dodge: Dodged            |    97 |    80 |   453 |   345 |   484 |   268 ||  1727
Block: Buckler           |       |       |       |   181 |   718 |   320 ||  1219
       Reflection        |       |       |       |       |    29 |    49 ||    78

Table legend:
 A = Spawn XP
 B = Non-spawn XP
 C = Spawn XP percentage of total XP
 D = Spawn monster count
 E = Non-spawn monster count
 F = Spawn count percentage of total count
 G = Total turns spent on level
                    A         B        C        D         E        F      G
               +---------+---------+-------+---------+---------+-------+---------
         Total |       0 |  199668 |   0.0 |       0 |     996 |   0.0 | 38029
               +---------+---------+-------+---------+---------+-------+---------
           D:1 |       0 |      51 |   0.0 |       0 |      29 |   0.0 |  2009
           D:2 |       0 |     122 |   0.0 |       0 |      29 |   0.0 |  1299
           D:3 |       0 |     559 |   0.0 |       0 |      24 |   0.0 |  1808
           D:4 |       0 |    1196 |   0.0 |       0 |      42 |   0.0 |  1583
           D:5 |       0 |    1116 |   0.0 |       0 |      46 |   0.0 |  1923
           D:6 |       0 |     643 |   0.0 |       0 |      20 |   0.0 |   844
           D:7 |       0 |     556 |   0.0 |       0 |      19 |   0.0 |   746
           D:8 |       0 |    7614 |   0.0 |       0 |      49 |   0.0 |  1618
           D:9 |       0 |    3096 |   0.0 |       0 |      53 |   0.0 |  1419
          D:10 |       0 |    2486 |   0.0 |       0 |      21 |   0.0 |  1437
          D:11 |       0 |    6695 |   0.0 |       0 |      41 |   0.0 |  1256
          D:12 |       0 |    6673 |   0.0 |       0 |      29 |   0.0 |   905
          D:13 |       0 |   11859 |   0.0 |       0 |      42 |   0.0 |  1936
          D:14 |       0 |    9547 |   0.0 |       0 |      41 |   0.0 |  1287
          D:15 |       0 |   21232 |   0.0 |       0 |      47 |   0.0 |   912
        Lair:1 |       0 |    4874 |   0.0 |       0 |      28 |   0.0 |   855
        Lair:2 |       0 |    4517 |   0.0 |       0 |      22 |   0.0 |  1324
        Lair:3 |       0 |    9687 |   0.0 |       0 |      38 |   0.0 |  1658
        Lair:4 |       0 |    4531 |   0.0 |       0 |      14 |   0.0 |   918
        Lair:5 |       0 |    5507 |   0.0 |       0 |      27 |   0.0 |  1196
        Lair:6 |       0 |   17934 |   0.0 |       0 |      85 |   0.0 |  2114
      Shoals:1 |       0 |   11532 |   0.0 |       0 |      22 |   0.0 |  1333
      Shoals:2 |       0 |   20574 |   0.0 |       0 |      41 |   0.0 |  1703
      Shoals:3 |       0 |    8645 |   0.0 |       0 |      20 |   0.0 |  1709
      Shoals:4 |       0 |   10496 |   0.0 |       0 |      14 |   0.0 |   242
       Snake:1 |       0 |    2874 |   0.0 |       0 |       4 |   0.0 |    53
         Orc:1 |       0 |    3737 |   0.0 |       0 |      37 |   0.0 |   634
         Orc:2 |       0 |   18366 |   0.0 |       0 |      80 |   0.0 |  2189
         Sewer |       0 |     111 |   0.0 |       0 |       6 |   0.0 |   124
        Bailey |       0 |    2838 |   0.0 |       0 |      26 |   0.0 |   850
               +---------+---------+-------+---------+---------+-------+---------
